 Dungeon Crawl Stone Soup version 0.28-a0-677-g3278d6a771 (webtiles) character file.

Game seed: 18232871270794174404

316677 BlueGoblin the Intangible (level 20, -33/100 (105) HPs)
             Began as a Spriggan Monk on Oct 18, 2021.
             Was a High Priest of Ru.
             Killed from afar by a living spell (64 damage)
             ... with an iceblast
             ... summoned by a walking frostbound tome
             ... on level 3 of the Depths.
             The game lasted 02:08:15 (43051 turns).

BlueGoblin the Intangible (Spriggan Monk)          Turns: 43051, Time: 02:08:16

HP:   -33/100 (105) AC: 14    Str:  7    XL:     20   Next: 54%
MP:   19/19         EV: 57    Int: 10    God:    Ru [*****.]
Gold: 411           SH: 16    Dex: 38    Spells: 19/19 levels left

rFire   . . .      SeeInvis +   j - +5 dagger (distort)
rCold   . . .      Faith    .   W - +3 buckler {rPois}
rNeg    + + .      Spirit   .   b - +4 troll leather armour
rPois   +          Reflect  .   R - +2 hat
rElec   +          Harm     .   M - +2 cloak {rCorr}
rCorr   +          Rampage  .   (gloves unavailable)
Will    +++..                   (boots unavailable) Stlth ***+++++++
                                x - amulet "Umeogekli" {rElec rN++ Regen+ Int-4 Stlth+}
HPRegen 2.26/turn               p - +6 ring of dexterity
MPRegen 0.16/turn               S - +6 ring of dexterity

@: exhausted, studying 2 skills, lightly drained, very quick
A: very small, no large weapons, unfitting armour, see invisible, speed 3, low
mp 1, inability to use devices, no earth magic, no summoning magic, no
transmutations magic, reduced EV 1, thin skeletal structure 1, sense
surroundings 2
}: 2/15 runes: decaying, serpentine
a: Renounce Religion, Draw Out Power, Power Leap, Apocalypse


You were on level 3 of the Depths.
You worshipped Ru.
Ru was extremely pleased with you.
You visited 7 branches of the dungeon, and saw 35 of its levels.
You visited the Abyss 1 time.
You visited 1 bazaar.
You also visited: Trove and Ossuary.

You collected 4325 gold pieces.
You spent 3914 gold pieces at shops.

Inventory:

Hand Weapons
 j - a +5 dagger of distortion (weapon)
 s - the +6 arbalest "Damnation" {damnation}
   (You bought it in a shop in a bazaar)

   Any ammunition fired from it explodes in a burst of damnation on striking a
   foe, dealing damage which bypasses armour.
 B - a +0 short sword of flaming
 C - a +3 spectral rapier
 F - a +2 spectral quarterstaff
 H - a +2 short sword of venom
 J - a +4 short sword of draining
Missiles
 d - 845 bolts
 q - 245 sling bullets
 P - 11 poisoned darts (quivered)
Armour
 b - a +4 troll leather armour (worn)
 M - a +2 cloak of preservation (worn)
 R - a +2 hat (worn)
 W - a +3 buckler of poison resistance (worn)
Jewellery
 h - a ring of magical power
 m - a ring of willpower
 p - a +6 ring of dexterity (left hand)
 v - an amulet of the acrobat
 w - a ring of protection from cold
 x - the amulet "Umeogekli" (around neck) {rElec rN++ Regen+ Int-4 Stlth+}
   (You found it on level 5 of the Lair of Beasts)

   [amulet of regeneration]

   Int:       It affects your intelligence (-4).
   rElec:     It insulates you from electricity.
   rN:        It greatly protects you from negative energy.
   Regen:     It increases your rate of health regeneration.
   Stlth:     It makes you more stealthy.
 G - a ring of positive energy
 Q - a ring of protection from fire
 S - a +6 ring of dexterity (right hand)
 T - a +4 ring of slaying
Scrolls
 a - 2 scrolls of holy word
 c - 3 scrolls of fog
 i - 5 scrolls of magic mapping
 o - 2 scrolls of summoning
 u - 3 scrolls of blinking
 y - 2 scrolls of enchant armour
 A - 18 scrolls of teleportation
 I - 2 scrolls of fear
 N - 5 scrolls of amnesia
 O - 13 scrolls of identify
Potions
 e - 2 potions of heal wounds
 f - 8 potions of resistance
 g - 7 potions of curing
 k - 5 potions of might
 l - a potion of lignification
 r - 3 potions of berserk rage
 t - 5 potions of brilliance
 z - a potion of magic
 D - 5 potions of haste
 E - 12 potions of ambrosia
 K - 2 potions of flight
 L - 2 potions of invisibility
 U - 3 potions of cancellation


   Skills:
 * Level 11.2 Fighting
 - Level 14.8 Short Blades
 - Level 8.5 Armour
 O Level 27 Dodging
 O Level 27 Stealth
 - Level 12.9 Shields


You had 19 spell levels left.
You didn't know any spells.
Your spell library contained the following spells:

 Spells                   Type           Power      Damage    Failure   Level
 Animate Skeleton         Necr           0%         N/A       45%         1
 Magic Dart               Conj           0%         1d3       45%         1
 Pain                     Necr           0%         1d4       45%         1
 Shock                    Conj/Air       0%         1d3       45%         1
 Blink                    Tloc           N/A        N/A       61%         2
 Corpse Rot               Necr/Air       0%         N/A       61%         2
 Ensorcelled Hibernation  Hex/Ice        0%         N/A       61%         2
 Poisonous Vapours        Pois/Air       0%         N/A       61%         2
 Scorch                   Fire           0%         2d5       61%         2
 Searing Ray              Conj           0%         2d4       61%         2
 Sublimation of Blood     Necr           0%         N/A       61%         2
 Lesser Beckoning         Tloc           0%         N/A       83%         3
 Ozocubu's Armour         Ice            0%         N/A       83%         3
 Portal Projectile        Hex/Tloc       0%         N/A       83%         3
 Swiftness                Air            0%         N/A       83%         3
 Vampiric Draining        Necr           0%         2d6       83%         3
 Airstrike                Air            0%         N/A       99%         4
 Dispel Undead            Necr           0%         3d6       99%         4
 Flame Wave               Conj/Fire      0%         3d3       99%         4
 Fulminant Prism          Conj/Hex       0%         3d6       99%         4
 Olgreb's Toxic Radiance  Pois           0%         N/A       99%         4
 Passage of Golubria      Tloc           0%         N/A       99%         4
 Excruciating Wounds      Necr           0%         N/A       100%        5
 Freezing Cloud           Conj/Ice/Air   0%         6-21      100%        5
 Manifold Assault         Tloc           0%         N/A       100%        5
 Silence                  Hex/Air        0%         N/A       100%        5
 Conjure Ball Lightning   Conj/Air       0%         3x3d6     100%        6
 Death Channel            Necr           0%         N/A       100%        6
 Simulacrum               Ice/Necr       0%         N/A       100%        6
 Ozocubu's Refrigeration  Ice            0%         4d5       100%        7
 Discord                  Hex            0%         N/A       100%        8
 Disjunction              Tloc           0%         N/A       100%        8
 Polar Vortex             Ice            0%         N/A       100%        9
 Sting                    Tmut/Pois      Unusable   1d3       N/A         1
 Wereblood                Tmut           Unusable   N/A       N/A         2
 Spider Form              Tmut/Pois      Unusable   N/A       N/A         3
 Animate Armour           Summ/Erth      Unusable   N/A       N/A         4
 Blade Hands              Tmut           Unusable   N/A       N/A         5
 Summon Forest            Summ/Tloc      Unusable   N/A       N/A         5
 Iron Shot                Conj/Erth      Unusable   9d1       N/A         6
 Summon Cactus Giant      Summ           Unusable   N/A       N/A         6
 Malign Gateway           Summ/Tloc      Unusable   N/A       N/A         7
 Storm Form               Tmut/Air       Unusable   N/A       N/A         7
 Summon Hydra             Summ           Unusable   N/A       N/A         7
 Lehudib's Crystal Spear  Conj/Erth      Unusable   10d2      N/A         8

Dungeon Overview and Level Annotations

Branches:
Dungeon (15/15)            Temple (1/1) D:4            Lair (6/6) D:10
  Swamp (4/4) Lair:4        Snake (4/4) Lair:3        Slime (0/5) Lair:6
    Orc (2/2) D:9             Elf (0/3) Orc:2        Vaults (0/5) D:13
 Depths (3/4) D:15        Ossuary (visited)

Altars:
Ashenzari
Cheibriados
Dithmenos
Elyvilon
Fedhas
Gozag
Hepliaklqana
Kikubaaqudgha
Makhleb
Nemelex Xobeh
Okawaru
Qazlal
Ru
Sif Muna
Trog
Uskayaw
Vehumet
Wu Jian
Xom
Yredelemnul
Zin
The Shining One
Jiyva

Shops:
Orc:2 :*[(   Snake:2 *[*   Depths:1 *   Depths:3 =:=:

Portals:
Hell: Depths:1 Depths:2 Depths:3
Abyss: Depths:1 Depths:2 Depths:3
Pandemonium: Depths:1 Depths:2
Ziggurat: Depths:3

Annotations:
Depths:3 3 runed translucent doors
Abyss:1 Donald; Fannar; Maggie; Nergalle; Palle's ghost, novice HOFi; Rupert


Innate Abilities, Weirdness & Mutations

You are very small and have problems with some larger weapons.
You are too small for most types of armour.
You have supernaturally acute eyesight. (SInv)
You cover ground extremely quickly. (Speed+++)
Your magical capacity is low. (-10% MP)
You cannot study or use magical devices.
You cannot study or cast Earth magic.
You cannot study or cast Summoning magic.
You cannot study or cast Transmutations magic.
You have somewhat slow reflexes. (EV -5)
You have a somewhat thin skeletal structure. (Dex +2, Stealth+)
You passively map the area around you.


Message History

You hit the flayed ghost.
Space bends around the flayed ghost.
The flayed ghost is almost destroyed.
You block the flayed ghost's attack.
You hit the flayed ghost.
You destroy the flayed ghost!
The terrible wounds on your body vanish.
There is a broken door here.
There is an open door here.
There is an open door here.
There is an open door here.
There is an open gate, spattered with blood here.
A walking frostbound tome is nearby!
A walking frostbound tome is nearby!
You catch the helpless walking frostbound tome completely off-guard!
You stick the walking frostbound tome like a pincushion!!!!
The walking frostbound tome is severely damaged.
The walking frostbound tome blinks!
The walking frostbound tome erupts in a flurry of living spells!
The walking frostbound tome erupts in a flurry of living spells!
The living spell casts itself at you.
The mass of ice explodes!
The iceblast engulfs you!!! The living spell casts itself at you.
The mass of ice explodes!
The iceblast engulfs you!!!
* * * LOW HITPOINT WARNING * * *
You hear a loud rustle.
You are restored by drawing out deep reserves of power within.
You feel drained.
The walking frostbound tome erupts in a flurry of living spells!
You redirect the living spell's attack!
The living spell casts itself at itself.
The mass of ice explodes!
The iceblast engulfs the living spell!!
The living spell is destroyed!
The iceblast engulfs the living spell!!
The living spell is destroyed!
The living spell casts itself at you.
The mass of ice explodes!
The iceblast engulfs you! The living spell casts itself at you.
The mass of ice explodes!
The iceblast engulfs you!!!
Ouch! That really hurt!
You die...

.[....'..........#.....##.###.#
......#..........#.....##.# #.#
......#..........#.....##.# #.#
......#..........#.##'###.# #.#
##############''#####.###.# #.#
..................###.....# #.#
...................#.....####.#
.....§.............'.###......#
.....§§.....*...@..'.# ######.#
.............*.....'.# ###
...................###
.............;....##
###################


You could see a walking frostbound tome and 2 living spells.

Vanquished Creatures
  Nikola (Snake:2)
  A lich (Depths:3)
  A titan (Depths:3)
  2 sphinxes
  2 tengu reavers
  2 nagarajas
  3 fire giants
  A frost giant (Depths:2)
  Louise (Depths:2)
  2 iron dragons (Depths:3)
  Aizul (Snake:4)
  5 stone giants
  The ghost of Ycoiwk the Tainter, a journeyman OpVM of Sif Muna (Lair:5)
  8 very ugly things
  Nessos (D:11)
  A juggernaut skeleton (Depths:1)
  3 vampire knights
  2 bunyips
  Snorg (Orc:2)
  4 spark wasps (Depths:3)
  2 eleionomae
  4 ettins
  5 fire dragons
  A merfolk impaler (Depths:3)
  3 salamander tyrants
  2 vault guards (D:13)
  6 great orbs of eyes
  2 boulder beetles
  5 ice dragons
  A ghost crab (Swamp:3)
  3 rakshasas
  3 spriggan air magi
  Erolcha (Orc:2)
  14 hydras
  17 naga warriors
  Erica (D:11)
  3 centaur warriors
  5 anacondas
  4 two-headed ogres
  5 deep troll shamans
  2 alligators (Swamp:1)
  A deep troll earth mage (Depths:3)
  4 tengu warriors
  2 sun demons (Depths:1)
  A vampire mage (Depths:2)
  2 shock serpents
  A spriggan berserker (Depths:2)
  A deep elf knight (D:13)
  11 naga sharpshooters
  3 hell knights (Depths:2)
  A large abomination (Abyss:4)
  Sonja (Orc:2)
  A salamander mystic (Snake:4)
  7 iron trolls
  2 sixfirhies (Depths:1)
  5 goliath frogs
  5 skeletal warriors (D:14)
  15 deep trolls
  A flayed ghost (Depths:3)
  A bog body (Swamp:1)
  3 glowing orange brains (Depths:2)
  4 spriggan druids
  A phantasmal warrior (Depths:2)
  7 naga ritualists
  A lindwurm (Lair:6)
  10 swamp dragons
  6 orc knights
  3 necromancers
  A tengu zombie (Depths:1)
  2 wizards
  A deep elf pyromancer (D:12)
  4 cyclopes
  2 mana vipers
  20 ugly things
  2 wolf spiders (Lair:6)
  A manticore (D:11)
  4 will-o-the-wisps
  6 salamanders
  11 elephants
  Joseph (D:8)
  2 guardian serpents
  Maurice (Orc:2)
  3 torpor snails
  37 black mambas
  16 cane toads
  17 naga magi
  3 gargoyles
  2 smoke demons
  An efreet (D:11)
  5 rime drakes
  3 kobold demonologists
  8 komodo dragons
  A yaktaur (D:13)
  3 tengu conjurers
  An ancient zyme (Abyss:4)
  3 meliai (Lair:6)
  A golden dragon simulacrum (Depths:1)
  A queen bee (Lair:6)
  2 guardian mummies (D:14)
  2 polar bears
  6 trolls
  Prince Ribbit (D:7)
  9 hornets
  14 blink frogs
  10 tyrant leeches
  13 dream sheep
  8 slime creatures
  A centaur simulacrum (D:14)
  3 wraiths
  A ynoxinul (Depths:2)
  A redback (Lair:5)
  4 spriggans
  A water elemental (Depths:2)
  6 basilisks
  2 vampires
  14 wyverns
  55 yaks
  A chaos spawn (Depths:1)
  3 steam dragons
  A neqoxec (Depths:1)
  2 wargs
  An acid dragon (D:10)
  6 vampire mosquitoes
  16 swamp worms
  69 nagas
  A floating eye (Depths:3)
  4 swamp drakes
  20 water moccasins
  A hornet zombie (D:8)
  2 black bears
  An ice beast (D:6)
  36 orc warriors
  2 necrophages
  8 wolves
  6 ogres
  16 centaurs
  3 elf zombies (Ossuary)
  2 kobold brigands
  2 small abominations (Abyss:4)
  A bullfrog (shapeshifter) (D:15)
  6 bullfrogs
  5 scorpions
  4 gnoll sergeants
  2 water moccasin zombies (D:5)
  2 water moccasin skeletons
  30 killer bees
  10 wights
  3 howler monkeys (D:10)
  2 electric eels (D:7)
  6 centaur zombies
  3 hounds
  9 orc priests
  A jelly (D:7)
  A bullfrog skeleton (D:5)
  A centaur skeleton (D:5)
  Crazy Yiuf (D:3)
  A human zombie (Ossuary)
  3 iguanas
  17 orc wizards
  Terence (D:3)
  5 hell rats
  A hound skeleton (D:4)
  4 mummies
  6 river rats (Lair:2)
  8 adders
  9 gnolls
  4 shadow imps
  2 adder skeletons (D:4)
  3 worms
  2 dart slugs
  56 orcs
  6 ball pythons
  9 bats
  4 endoplasms
  9 giant cockroaches
  8 goblins
  10 hobgoblins
  4 quokkas
  4 frilled lizards
  31 kobolds
  7 rats
1052 creatures vanquished.

Vanquished Creatures (collateral kills)
  the Lernaean hydra (Swamp:4)
1 creature vanquished.

Vanquished Creatures (others)
  A hydra (Swamp:4)
  A naga warrior (Snake:4)
  An ogre mage (D:13)
  A naga sharpshooter (Snake:3)
  A deep elf knight (D:13)
  2 goliath frogs
  A swamp dragon (Swamp:3)
  An ugly thing (Depths:2)
  A naga mage (Snake:4)
  A black mamba (Snake:4)
  2 cane toads
  A polar bear (Lair:4)
  A blink frog (Lair:3)
  A wyvern (Lair:6)
  A yak (Lair:1)
  3 nagas
  4 swamp worms
  A swamp drake (Swamp:4)
  A bullfrog (D:7)
  An orc wizard (Orc:1)
  4 orcs
  47 foxfires
  63 fungi
  74 plants
  2 withered plants (Lair:5)
217 creatures vanquished.

Grand Total: 1270 creatures vanquished

Notes
Turn   | Place    | Note
-------+----------+-------------------------------------------
     0 | D:1      | BlueGoblin the Spriggan Monk began the quest for the Orb.
     0 | D:1      | Reached XP level 1. HP: 11/11 MP: 2/2
   352 | D:1      | Reached XP level 2. HP: 6/16 MP: 3/3
   816 | D:1      | Reached skill level 5 in Dodging
  1191 | D:1      | Found a faded altar of an unknown god.
  1201 | D:1      | Reached XP level 3. HP: 19/19 MP: 4/4
  2154 | D:2      | Reached XP level 4. HP: 23/23 MP: 5/5
  2759 | D:3      | Found a white marble altar of Elyvilon.
  2814 | D:3      | Noticed Terence
  2817 | D:3      | Killed Terence
  3083 | D:3      | Found a runed translucent door.
  3084 | D:3      | Noticed Crazy Yiuf
  3282 | D:3      | Found a faded altar of an unknown god.
  3284 | D:3      | Found a faded altar of an unknown god.
  3284 | D:3      | Found a hazy altar of Hepliaklqana.
  3553 | D:3      | Killed Crazy Yiuf
  3554 | D:3      | Reached XP level 5. HP: 27/27 MP: 6/6
  3751 | D:4      | Found an iron altar of Okawaru.
  3863 | D:4      | Found an ancient bone altar of Kikubaaqudgha.
  3965 | D:4      | Noticed an ogre
  3970 | D:4      | Banished an ogre
  3971 | D:4      | Reached XP level 6. HP: 32/32 MP: 7/7
  4117 | D:4      | Found a staircase to the Ecumenical Temple.
  4189 | Temple   | Entered the Ecumenical Temple
  4259 | Temple   | Became a worshipper of Ru the Awakened
  4266 | D:4      | Gained mutation: You cannot study or use magical devices.
                  | [Ru sacrifice]
  4266 | D:4      | Reached * piety under Ru
  4266 | D:4      | Reached ** piety under Ru
  4530 | D:4      | Reached skill level 10 in Dodging
  4692 | D:5      | Entered Level 5 of the Dungeon
  4711 | D:5      | Reached XP level 7. HP: 35/35 MP: 8/8
  4869 | D:5      | Found a sand-covered staircase.
  4900 | Ossuary  | Entered an ossuary
  5003 | Ossuary  | Reached XP level 8. HP: 35/39 MP: 9/9
  5158 | D:5      | Found the +0 pair of fencer's gloves {Riposte Dex+3}
  5604 | D:5      | Reached skill level 15 in Dodging
  5933 | D:6      | Found a glowing silver altar of Zin.
  6025 | D:6      | Reached XP level 9. HP: 43/43 MP: 10/10
  6284 | D:6      | Gained mutation: Your magical capacity is low. (-10% MP)
                  | [Ru sacrifice]
  7349 | D:7      | Noticed Prince Ribbit
  7351 | D:7      | Identified the +0 scale mail of Dogmatism {Str+3}
  7367 | D:7      | Killed Prince Ribbit
  8041 | D:8      | Reached XP level 10. HP: 21/47 MP: 10/10
  8180 | D:8      | Noticed Joseph
  8233 | D:8      | Killed Joseph
  8331 | D:8      | Noticed a two-headed ogre
  8340 | D:8      | Banished a two-headed ogre
  8871 | D:9      | Noticed Maggie
  8892 | D:9      | Banished Maggie
  8906 | D:9      | Noticed a two-headed ogre
  8917 | D:9      | Killed a two-headed ogre
  9195 | D:9      | Found a staircase to the Orcish Mines.
  9221 | D:9      | Reached XP level 11. HP: 51/51 MP: 10/10
  9344 | D:9      | Found a large runed translucent door.
  9344 | D:9      | Found a large runed translucent door.
  9348 | D:9      | Noticed Palle's ghost (novice HOFi)
  9631 | D:9      | Banished Palle's ghost
  9718 | D:10     | Entered Level 10 of the Dungeon
  9821 | D:10     | Found an opulent altar of Gozag.
 10088 | D:10     | Noticed a boulder beetle
 10095 | D:10     | Banished a boulder beetle
 10317 | D:10     | Found a staircase to the Lair.
 10595 | Lair:1   | Entered Level 1 of the Lair of Beasts
 10780 | Lair:1   | Reached skill level 1 in Armour
 10795 | Lair:1   | Reached XP level 12. HP: 56/56 MP: 11/11
 12472 | Lair:3   | Found a staircase to the Snake Pit.
 13197 | Snake:1  | Entered Level 1 of the Snake Pit
 13388 | Lair:4   | Reached XP level 13. HP: 59/59 MP: 12/12
 13816 | Lair:4   | Noticed Nergalle
 13831 | Lair:4   | Banished Nergalle
 14124 | Lair:4   | Found a staircase to the Swamp.
 14537 | Lair:5   | Reached skill level 27 in Dodging
 14761 | Lair:5   | Reached skill level 5 in Armour
 14873 | Lair:5   | Found a runed translucent door.
 14873 | Lair:5   | Noticed Ycoiwk's ghost (journeyman OpVM)
 15572 | Lair:5   | Killed Ycoiwk's ghost
 15585 | Lair:5   | Identified the amulet "Umeogekli" {rElec rN++ Regen+ Int-4
                  | Stlth+}
 15627 | Lair:6   | Entered Level 6 of the Lair of Beasts
 15629 | Lair:6   | Reached skill level 5 in Short Blades
 16186 | Lair:6   | Reached XP level 14. HP: 65/65 MP: 13/13
 16435 | Lair:6   | Found a runed translucent door.
 17013 | Lair:6   | Reached skill level 5 in Fighting
 17068 | Lair:6   | Reached skill level 10 in Short Blades
 17950 | Lair:6   | Found a viscous altar of Jiyva.
 17950 | Lair:6   | Found a staircase to the Slime Pits.
 18880 | D:11     | Reached skill level 5 in Stealth
 19144 | D:11     | Noticed Erica
 19172 | D:11     | Killed Erica
 19282 | D:11     | Found a white marble altar of Elyvilon.
 19387 | D:11     | Reached XP level 15. HP: 74/74 MP: 14/14
 19758 | D:12     | Noticed Fannar
 19831 | D:12     | Banished Fannar
 19965 | D:12     | Noticed Nessos
 20026 | D:11     | Killed Nessos
 20197 | D:12     | Reached skill level 10 in Stealth
 20403 | D:13     | Identified the +1 leather armour of Kischaa Uveo {Int+3}
 20903 | D:13     | Found a gate to the Vaults.
 21245 | Orc:1    | Entered Level 1 of the Orcish Mines
 21406 | Orc:2    | Entered Level 2 of the Orcish Mines
 21406 | Orc:2    | Noticed Rupert
 21434 | Orc:2    | Banished Rupert
 21486 | Orc:2    | Noticed Maurice
 21499 | Orc:2    | Killed Maurice
 21607 | Orc:2    | Found a staircase to the Elven Halls.
 21768 | Orc:2    | Noticed Snorg
 21805 | Orc:2    | Noticed Sonja
 21924 | Orc:2    | Killed Snorg
 22009 | Orc:2    | Killed Sonja
 22137 | Orc:2    | Reached skill level 15 in Stealth
 22322 | Orc:2    | Noticed Erolcha
 22419 | Orc:2    | Killed Erolcha
 22553 | Orc:2    | Gained mutation: You cannot study or cast Earth magic. [Ru
                  | sacrifice]
 22553 | Orc:2    | Gained mutation: You cannot study or cast Transmutations
                  | magic. [Ru sacrifice]
 22553 | Orc:2    | Gained mutation: You cannot study or cast Summoning magic.
                  | [Ru sacrifice]
 22553 | Orc:2    | Reached *** piety under Ru
 22571 | Orc:2    | Found Wuasuh Due's General Store.
 22571 | Orc:2    | Found Sikatod's Armour Shoppe.
 22573 | Orc:2    | Found Losheoc's Weapon Emporium.
 22575 | Orc:2    | Found Tothronu's Book Boutique.
 24153 | D:14     | Found a portal to a secret trove of treasure.
 24224 | D:14     | You paid a toll of 14 potions of curing to enter a treasure
                  | trove
 24225 | Trove    | Entered a treasure trove
 24238 | Trove    | Found the ring of the Mage {Wiz Will++ Int+3}
 24326 | Trove    | Reached XP level 16. HP: 75/75 MP: 15/15
 24605 | D:14     | Reached XP level 17. HP: 82/82 MP: 16/16
 24996 | D:15     | Entered Level 15 of the Dungeon
 26160 | D:15     | Found a staircase to the Depths.
 26396 | Depths:1 | Entered Level 1 of the Depths
 26512 | Depths:1 | Reached skill level 1 in Shields
 26542 | Depths:1 | Found a gateway to Hell.
 26829 | Depths:1 | Found a one-way gate to the infinite horrors of the Abyss.
 27053 | Depths:1 | Found a glowing golden altar of the Shining One.
 27125 | Depths:1 | Found Uchum's General Store.
 27201 | Depths:1 | Bought a scroll of enchant armour for 172 gold pieces
 27235 | Depths:1 | Found a one-way gate leading to the halls of Pandemonium.
 27238 | Depths:1 | Gained mutation: You occasionally shout uncontrollably at
                  | your foes. [a cacodemon]
 27271 | Depths:1 | Gained mutation: You passively map a small area around you.
                  | [a neqoxec]
 27290 | Depths:1 | Gained mutation: Your body sometimes deteriorates upon
                  | taking damage. [a neqoxec]
 27298 | Depths:1 | Gained mutation: You passively map the area around you. [a
                  | neqoxec]
 27693 | Depths:1 | Lost mutation: You occasionally shout uncontrollably at
                  | your foes. [potion of mutation]
 27693 | Depths:1 | Lost mutation: Your body sometimes deteriorates upon taking
                  | damage. [potion of mutation]
 27693 | Depths:1 | Gained mutation: You have a somewhat thin skeletal
                  | structure. (Dex +2, Stealth+) [potion of mutation]
 28020 | Swamp:1  | Entered Level 1 of the Swamp
 28096 | Swamp:1  | Reached skill level 27 in Stealth
 29000 | Swamp:2  | Reached skill level 5 in Shields
 29011 | Swamp:2  | Got Sif Muna's Compendium of Orientation
 29027 | Swamp:2  | Noticed Donald
 29044 | Swamp:2  | Banished Donald
 29655 | Swamp:3  | Reached XP level 18. HP: 85/86 MP: 17/17
 30036 | Swamp:4  | Entered Level 4 of the Swamp
 31420 | Swamp:4  | Noticed the 27-headed Lernaean hydra
 31480 | Swamp:4  | Killed the 26-headed Lernaean hydra
 31657 | Swamp:4  | Got a decaying rune of Zot
 32870 | Snake:1  | Identified the +3 whip of Impermanence {protect, rN+ Will+
                  | Int+4}
 32892 | Snake:2  | Found Taucroeci's General Store.
 32898 | Snake:2  | Found Vidgheul's Antique Armour Shop.
 33002 | Snake:2  | Found Nony's General Store.
 33011 | Snake:2  | Bought a scroll of teleportation for 39 gold pieces
 33011 | Snake:2  | Bought a scroll of brand weapon for 260 gold pieces
 33161 | Snake:2  | HP: 2/87 [salamander tyrant (22)]
 33968 | Snake:2  | Found a flickering gateway to a bazaar.
 33985 | Bazaar   | Entered a bazaar
 34002 | Bazaar   | Found Fon Cyn's Weapon Shoppe.
 34025 | Bazaar   | Found Maempydd's Weapon Shoppe.
 34025 | Bazaar   | Found Qorghuowu's Antique Weapon Emporium.
 34047 | Bazaar   | Found Abuymy's Assorted Antiques.
 34047 | Bazaar   | Found Peamew's Antique Weapon Emporium.
 34156 | Bazaar   | Bought the +6 arbalest "Damnation" {damnation} for 2800
                  | gold pieces
 34156 | Bazaar   | Found the +6 arbalest "Damnation" {damnation}
 34268 | Snake:2  | Noticed Nikola
 34275 | Snake:2  | Killed Nikola
 34705 | Snake:2  | Cast into level 4 of the Abyss (unwielding a weapon of
                  | distortion)
 34825 | Snake:2  | Escaped the Abyss
 35092 | Snake:3  | Reached skill level 10 in Shields
 35789 | Snake:4  | Entered Level 4 of the Snake Pit
 35885 | Snake:4  | Reached XP level 19. HP: 60/93 MP: 18/18
 36212 | Snake:4  | Noticed Aizul
 36219 | Snake:4  | Killed Aizul
 37714 | Snake:4  | Got a serpentine rune of Zot
 39268 | Depths:2 | Noticed Louise
 39409 | Depths:2 | Killed Louise
 39803 | Depths:2 | Reached XP level 20. HP: 100/100 MP: 19/19
 40071 | Depths:3 | Found a gateway to a ziggurat.
 40413 | Depths:3 | Found Efugefy's Jewellery Emporium.
 40479 | Depths:3 | Found a broken altar of Ashenzari.
 40532 | Depths:3 | Gained mutation: You have somewhat slow reflexes. (EV -5)
                  | [Ru sacrifice]
 40532 | Depths:3 | Reached **** piety under Ru
 40532 | Depths:3 | Reached ***** piety under Ru
 40974 | Depths:2 | Reached skill level 10 in Fighting
 41321 | Depths:3 | Found a runed translucent gate.
 41321 | Depths:3 | Found a runed translucent gate.
 41321 | Depths:3 | Found a runed translucent gate.
 41761 | Depths:3 | Found a runed translucent gate.
 41761 | Depths:3 | Found a runed translucent gate.
 41761 | Depths:3 | Found a runed translucent gate.
 41815 | Depths:3 | Found Omnoreank's Book Boutique.
 41816 | Depths:3 | Found Siqiof's Jewellery Emporium.
 41817 | Depths:3 | Found Erusaat's Book Boutique.
 41872 | Depths:3 | Bought a +6 ring of dexterity for 643 gold pieces
 42235 | Depths:3 | Found the +2 cloak of the Thief {*Fog Slay-2 SInv Stlth+}
 42494 | Depths:3 | Identified the +5 glaive "Qesch" {vamp, rElec MP+9 Dex+2}
 42683 | Depths:3 | Identified the amulet "Leklero" {RegenMP Int+2 Dex+3}
 42691 | Depths:3 | Identified the +0 scale mail of Idealism {rC+ Stlth+}
 43051 | Depths:3 | Killed from afar by a living spell

Illustrated notes

Levels and vault maps discovered:
D:1:      minmay_arrival_five_plusses, layout_basic, serial_aquarium,
          aquarium_bridge_square [aquarium_subvault_bridge,
          aquarium_subvault_bridge, aquarium_subvault_balcony,
          aquarium_subvault_window], aquarium_window_corner, aquarium_window_1,
          aquarium_window_1, aquarium_window_1, aquarium_view_2a,
          hellmonk_ecumenical_altar_prayer_group
D:2:      layout_loops_corners, minmay_vboxes
D:3:      layout_loops_ring, mainiacjoe_overflow_cross_hatched,
          nicolae_hepliaklqana_ecumenical_no_more, minmay_box_of_dots,
          uniq_terence, uniq_crazy_yiuf_cottage
D:4:      layout_loops_ring, overflow_temple_1_default, kiku_gazebo_pond_becter,
          minmay_temple_entry_trees
D:5:      minmay_general_purpose_star, layout_basic, gup_ossuary_entry_pyramid,
          minmay_misc_feat_columns
D:6:      old_forge, layout_basic, zin_statuary, nicolae_lava_and_water
D:7:      layout_basic, st_stairs_6, serial_bayou_lake_a, uniq_prince_ribbit1
D:8:      layout_loops_ring, kennysheep_generic_room_12, uniq_joseph
D:9:      layout_cave_pools, kennysheep_orc_monster_closet_entryway,
          ebering_ghost_disaster_area, uniq_maggie
D:10:     layout_irregular_city, mainiacjoe_overflow_brackets,
          david_lair_generic, nzn_sisyphean_effort
D:11:     minmay_ornate_pinched, layout_irregular_city,
          hangedman_decor_opposing, elyvilon_altar_4, uniq_erica
D:12:     layout_cave_pools, uniq_fannar, uniq_nessos
D:13:     layout_loops_ring, grunt_vaults_entry_fortified
D:14:     layout_loops_ring, infiniplex_staircase_zigzag_3,
          nicolae_trove_entry_path_of_doom
D:15:     gammafunk_enter_depths_forms, layout_cave_pods, drop_trap
Temple:   nicolae_temple_x_marks_the_god
Lair:1:   layout_cave_shapes, nicolae_quartered_pool_super, serial_bayou_pond_e,
          eino_small_chamber_without_monster
Lair:2:   layout_regular_city, kennysheep_abandoned_house
Lair:3:   layout_loops_ring, dummy_snake_entry
Lair:4:   layout_small_grid, minmay_swamp_entry_worms, minivault_11,
          st_stairs_4, chequers_serial_rivers_micro_b,
          grunt_forest_stairs_clearing, uniq_nergalle
Lair:5:   layout_regular_city, gammafunk_ghost_grave, serial_rivers,
          chequers_serial_rivers_large_b, chequers_serial_rivers_room_a,
          chequers_serial_rivers_small_a, chequers_serial_rivers_micro_b,
          grunt_megastairs_1
Lair:6:   wormcave, layout_gridlike, hangedman_lair_tendril_chambers,
          dpeg_slime_entry_enclosed_altar, special_room [special_room_bee],
          hangedman_lair_generics_rect, infiniplex_staircase_pool_2
Swamp:1:  layout_basic_swamp, hangedman_swamp_pad
Swamp:2:  layout_falls_marsh, evilmike_swamp_ruin_rubble_1,
          infiniplex_staircase_pool, uniq_donald
Swamp:3:  layout_basic_swamp, evilmike_swamp_ruin_house_3
Swamp:4:  swamp_old_school, layout_basic_swamp
Snake:1:  layout_onion, nicolae_snake_serpentine_hallways
Snake:2:  layout_onion, serial_shops, bzr_entry_gold, nicolae_stop_n_shop_1,
          nicolae_square_shop, shop, grunt_ministairs_14, st_stairs_1,
          nicolae_snake_gridmaze_spiral, uniq_nikola
Snake:3:  layout_cave_town
Snake:4:  minmay_snake_end_coiled, layout_chambers, uniq_aizul
Orc:1:    layout_caves
Orc:2:    st_orc_rangers, layout_caves, uniq_sonja, uniq_rupert, uniq_snorg,
          uniq_erolcha, uniq_maurice
Depths:1: layout_gridlike, grunt_pan_entry_spiral, hangedman_geh_valley,
          ebering_dispersal_statue_hall, abyss_entry, minmay_shop_grid_forest,
          minmay_misc_feat_more_columns, minivault_16,
          nicolae_tso_swordbearing_angel
Depths:2: grunt_deathspiral_small, layout_gridlike, grunt_hell_entry_dis_mu,
          nicolae_abyss_entry_one_way_or_another, rand_demon_pan_entry_1
Depths:3: kennysheep_treasure_stockpile, layout_gridlike, enter_ziggurat_e,
          evilmike_ruin_ashenzari, lightli_too_deep, serial_shops,
          nicolae_shop_window_shopping, hangedman_abyss_entry_splay,
          firewood_loft, minmay_shop_grove, uniq_margery

Skill      XL: |  1  2  3  4  5  6  7  8  9 10 11 12 13 14 15 16 17 18 19 20 |
---------------+-------------------------------------------------------------+-----
Dodging        | 5 6 7 9 10 12 15 18 21 24 26 27 | 27.0
Armour         | 1 3 6 7 8 |  8.5
Short Blades   | 7 11 12 14 | 14.8
Fighting       | 3 6 7 9 11 | 11.2
Stealth        | 8 20 21 27 | 27.0
Shields        | 5 10 12 | 12.9

Action                   |  1- 3 |  4- 6 |  7- 9 | 10-12 | 13-15 | 16-18 | 19-21 || total
-------------------------+-------+-------+-------+-------+-------+-------+-------++-------
Melee: Short sword       |    54 |       |       |       |       |       |       ||    54
       Dagger            |    46 |    93 |   384 |  1015 |  2335 |  2030 |  1674 ||  7577
       Rapier            |       |       |       |       |       |   216 |    47 ||   263
Invok: Sacrifice Artific |       |     1 |       |       |       |       |       ||     1
       Sacrifice Essence |       |       |     1 |       |       |       |       ||     1
       Reject Sacrifices |       |       |       |     1 |     1 |     2 |       ||     4
       Draw Out Power    |       |       |       |       |     1 |     3 |     1 ||     5
       Sacrifice Arcana  |       |       |       |       |     1 |       |       ||     1
       Sacrifice Health  |       |       |       |       |       |       |     1 ||     1
  Use: Scroll            |     4 |     5 |     7 |     4 |    16 |    13 |     1 ||    50
       Potion            |       |       |     1 |       |     2 |     6 |     1 ||    10
 Stab: Sleeping          |     9 |    15 |     8 |     8 |    41 |    75 |    41 ||   197
       Distracted        |     1 |     1 |     2 |     7 |    14 |    27 |    21 ||    73
       Invisible         |       |       |     1 |     1 |     2 |     3 |     1 ||     8
       Held in net/web   |       |       |     1 |       |       |       |       ||     1
       Paralysed         |       |       |       |       |       |     1 |     4 ||     5
Armor: Robe              |     7 |     3 |    18 |       |       |       |       ||    28
       Steam dragon scal |       |       |       |    11 |       |       |       ||    11
       Troll leather arm |       |       |       |    25 |    85 |    71 |    37 ||   218
Dodge: Dodged            |    58 |    70 |   393 |  1328 |  3048 |  1848 |  1080 ||  7825
Block: Buckler           |       |       |       |       |       |   918 |   727 ||  1645

Table legend: (Time is in decaauts)
 A = Elapsed time spent in this place.
 B = Non-inter-level travel time spent in this place.
 C = Inter-level travel time spent in this place.
 D = Time resting spent in this place.
 E = Time spent auto-exploring this place.
 F = Levels seen in this place.
 G = Mean time per level.
                   A        B        C        D        E       F      G
               +--------+--------+--------+--------+--------+-----+--------+
         Total |  28413 |  26415 |   1998 |   2018 |  14092 |  39 |  728.5 |
       Dungeon |  10726 |   9907 |    819 |    610 |   6524 |  15 |  715.1 |
        Temple |     47 |     46 |      1 |      0 |     27 |   1 |   47.0 |
          Lair |   5574 |   5057 |    517 |    193 |   2559 |   6 |  929.0 |
         Swamp |   2988 |   2812 |    176 |    380 |   1103 |   4 |  747.0 |
     Snake Pit |   3368 |   3181 |    187 |    145 |   1637 |   4 |  842.0 |
  Orcish Mines |   1204 |   1126 |     78 |      0 |    585 |   2 |  602.0 |
        Depths |   4047 |   3831 |    216 |    686 |   1479 |   3 | 1349.0 |
         Abyss |     72 |     72 |      0 |      0 |     39 |   1 |   72.0 |
        Bazaar |    127 |    127 |      0 |      3 |     56 |   1 |  127.0 |
         Trove |     95 |     95 |      0 |      0 |     35 |   1 |   95.0 |
       Ossuary |    160 |    160 |      0 |      0 |     43 |   1 |  160.0 |
               +--------+--------+--------+--------+--------+-----+--------+

Top non-repeatable levels by time:
Depths:3: 1892 daAuts
  Lair:6: 1476 daAuts
Depths:2: 1255 daAuts
     D:1: 1235 daAuts
 Snake:4: 1228 daAuts
 Snake:2: 1086 daAuts
 Swamp:4: 1058 daAuts
  Lair:5: 1043 daAuts
    D:15: 945 daAuts
  Lair:4: 937 daAuts
    D:13: 910 daAuts
 Swamp:3: 901 daAuts
Depths:1: 898 daAuts
   Orc:2: 842 daAuts
     D:3: 837 daAuts
